 Dungeon Crawl Stone Soup version 0.27-a0-1090-gb115f176c6 (webtiles) character file.

Game seed: 7097836463237776740

29163 robertstho the Eclecticist (level 13, -3/108 HPs)
             Began as a Djinni Fire Elementalist on Apr 27, 2021.
             Was a High Priest of Ashenzari.
             Shot with an arrow by a centaur warrior (21 damage)
             ... on level 13 of the Dungeon.
             The game lasted 00:32:01 (19584 turns).

robertstho the Eclecticist (DjFE)                  Turns: 19584, Time: 00:32:02

Health: -3/108     AC:  8    Str: 13    XL:     13   Next: 43%
Gold:   1740       EV: 21    Int: 26    God:    Ashenzari [*****.] SH:  0 Dex: 13

rFire    + + .     SeeInvis +   s - +1 quarterstaff of the Lashed Scepticism {spect, Evo, Cun} (curse)
rCold    x . .     Faith    .   (shield currently unavailable)
rNeg     . . .     Spirit   .   l - +0 steam dragon scales "Sidereal Limitation" {Cun, Fort} (curse)
rPois    ∞         Reflect  .   t - +1 helmet "Perceptive Sybil" {Melee, Self} (curse)
rElec    +         Harm     .   w - +0 cloak of the Chained Ordeal {Self, Fort} (curse)
rCorr    .         Rampage  .   (no gloves)
Will     +++..     Clarity  +   (boots unavailable)
Stlth    +++++.....             n - amulet of Vitality {Regen+ HP+15, Range, Self} (curse)
HPRegen  1.28/turn              u - ring of Ashenzari's Sun {EV+4, Self, Cun} (curse)
MPRegen  0.00/turn              j - ring of Ashenzari's Mutualism {*Corrode rElec Will++ Str+6 Int+3, Self, Fort} (curse)

@: flying, very slightly contaminated, studying Armour, invisible
A: fire resistance 2, cold vulnerability 1, float, innate caster, hp casting,
extra vitality 1
a: Renounce Religion, Shatter the Chains


You were on level 13 of the Dungeon.
You worshipped Ashenzari.
Ashenzari was extremely pleased with you.
You visited 2 branches of the dungeon, and saw 14 of its levels.
You also visited: Ice Cave.

You collected 1740 gold pieces.

Inventory:

Hand Weapons
 s - the cursed +1 quarterstaff of the Lashed Scepticism (weapon) {spect, Evo, Cun}
   (You found it on level 3 of the Dungeon)

   When it strikes, its spirit leaps out and fights alongside the wielder.
   It has a curse which improves the following skills: Evocations: Evocations.
   Cunning:   Dodging and Stealth.
Armour
 l - the cursed +0 steam dragon scales "Sidereal Limitation" (worn) {Cun, Fort}
   (You found it on level 8 of the Dungeon)

   It has a curse which improves the following skills: Cunning: Dodging and
   Stealth.
   Fortitude: Armour and Shields.
 t - the cursed +1 helmet "Perceptive Sybil" (worn) {Melee, Self}
   (You found it on level 9 of the Dungeon)

   It has a curse which improves the following skills: Melee Combat: Short
   Blades, Long Blades, Axes, Maces & Flails, Polearms, Staves and Unarmed
   Combat.
   Introspection: Fighting and Spellcasting.
 w - the cursed +0 cloak of the Chained Ordeal (worn) {Self, Fort}
   (You found it on level 6 of the Dungeon)

   It has a curse which improves the following skills: Introspection: Fighting
   and Spellcasting.
   Fortitude: Armour and Shields.
Jewellery
 b - a ring of ice
 h - a ring of resist corrosion
 j - the cursed ring of Ashenzari's Mutualism (right hand) {*Corrode rElec Will++ Str+6 Int+3, Self, Fort}
   (You acquired it in the Ecumenical Temple)

   [ring of strength]

   It affects your strength (+6).
   It affects your intelligence (+3).
   It insulates you from electricity.
   It may corrode you when you take damage.
   It greatly increases your willpower.
   It has a curse which improves the following skills: Introspection: Fighting
   and Spellcasting.
   Fortitude: Armour and Shields.
 n - the cursed amulet of Vitality (around neck) {Regen+ HP+15, Range, Self}
   (You found it in an ice cave)

   [amulet of regeneration]

   It affects your health (+15).
   It increases your rate of health regeneration.
   It has a curse which improves the following skills: Ranged Combat: Slings,
   Bows, Crossbows and Throwing.
   Introspection: Fighting and Spellcasting.
 o - a ring of ice
 p - a ring of protection from cold
 u - the cursed ring of Ashenzari's Sun (left hand) {EV+4, Self, Cun}
   (You took it off an orc priest on level 5 of the Dungeon)

   [ring of evasion]

   It affects your evasion (+4).
   It has a curse which improves the following skills: Introspection: Fighting
   and Spellcasting.
   Cunning:   Dodging and Stealth.
 z - a +4 ring of evasion
 E - a ring of fire
Wands
 m - a wand of acid (9)
 y - a wand of flame (19)
 C - a wand of polymorph (12)
 D - a wand of digging (4)
Scrolls
 a - 2 scrolls of enchant armour
 c - a scroll of summoning
 f - a scroll of teleportation
 g - a scroll of silence
 k - a scroll of fog
 r - 3 scrolls of enchant weapon
 F - a scroll of fear
 G - a scroll of blinking
 H - a scroll of immolation
Potions
 d - 2 potions of lignification
 e - a potion of haste
 i - a potion of invisibility
 q - a potion of mutation
 v - a potion of might
 x - a potion of cancellation
 B - a potion of berserk rage


   Skills:
 + Level 2.7(8.5) Fighting
 + Level 2.5(4.7) Staves
 + Level 5.9(11.0) Dodging
 * Level 8.2(13.3) Stealth
 * Level 15.9(22.4) Spellcasting


You had 21 spell levels left.
You knew the following spells:

 Your Spells              Type           Power      Damage    Failure   Level
a - Foxfire               Conj/Fire      100%       2x1d9     0%          1
b - Conjure Flame         Conj/Fire      98%        6-21      0%          3
c - Inner Flame           Hex/Fire       98%        N/A       0%          3
d - Sticky Flame          Conj/Fire      98%        2d11      0%          4
e - Fireball              Conj/Fire      49%        3d19      0%          5
f - Apportation           Tloc           100%       N/A       0%          1
g - Ensorcelled Hibernat  Hex/Ice        100%       N/A       0%          2
h - Call Imp              Summ           98%        N/A       0%          2
i - Ice Form              Ice/Tmut       98%        N/A       0%          4
j - Silence               Hex/Air        49%        N/A       0%          5
k - Borgnjor's Vile Clut  Necr/Erth      49%        N/A       0%          5
Your spell library was empty.

Dungeon Overview and Level Annotations

Branches:
Dungeon (13/15) Temple (1/1) D:7 Lair (0/6) D:10 Orc (0/2) D:11 Vaults (0/5) D:12 D:13 IceCv (visited)

Altars:
Ashenzari
Cheibriados
Dithmenos
Elyvilon
Fedhas
Gozag
Hepliaklqana
Kikubaaqudgha
Makhleb
Nemelex Xobeh
Okawaru
Qazlal
Ru
Sif Muna
Uskayaw
Vehumet
Wu Jian
Xom
Yredelemnul
Zin
The Shining One
Beogh

Annotations:
D:13 Nessos; Wipuing's ghost, journeyman MiBe


Innate Abilities, Weirdness & Mutations

You are immune to poison.
Your flesh is very heat resistant. (rF++)
You are vulnerable to cold. (rC-)
You float through the air rather than walking.
You learn spells naturally, not from books.
Your magical power is your life essence.
You have superior vitality. (+4 HP)


Message History

You hear a shout!
Casting: Fireball (safe; 0% risk of failure)
Confirm with . or Enter, or press ? or * to list all spells.
Aiming: Fireball (safe; 0% risk of failure)
Press: ? - help, Shift-Dir - straight line, f - human
Aim: a human The fireball explodes!
The fireball engulfs the human!!
You kill the human!
* * * LOW HITPOINT WARNING * * *
You hear a shout! x3
Things that are here:
3 large rocks; a cyclops corpse A centaur comes into view.
Casting: Fireball (safe; 0% risk of failure)
Confirm with . or Enter, or press ? or * to list all spells.
Aiming: Fireball (safe; 0% risk of failure)
Press: ? - help, Shift-Dir - straight line, f - centaur
Aim: a centaur, quivering arrows (wandering, hasn't noticed you)
The fireball explodes!
The fireball engulfs the centaur!!
You kill the centaur!
* * * LOW HITPOINT WARNING * * *
Unknown command.
A centaur warrior comes into view.
A centaur comes into view. x2
You feel better.
A centaur comes into view.
Casting: Fireball (safe; 0% risk of failure)
Confirm with . or Enter, or press ? or * to list all spells.
Aiming: Fireball (safe; 0% risk of failure)
Press: ? - help, Shift-Dir - straight line, f - centaur warrior
Aim: a centaur warrior, quivering arrows (wandering, hasn't noticed you)
The fireball explodes!
The fireball engulfs the centaur warrior!!
The centaur warrior is heavily wounded.
The fireball engulfs the centaur!!!
You kill the centaur!
The centaur shouts!
* * * LOW HITPOINT WARNING * * *
The centaur warrior wields a +0 longbow.
The centaur warrior shoots an arrow.
The arrow hits you!!
You die...

######## #########
######.....##*** *
######.....#.,,,,,
######....†#..,,,
####...(........{
,
####...#.....>...
,
####...#..........
##.@...#..........
,
##.....######.####
##........., ...
,, ##.....####,
,..,*,, #....c.# ,
, ######)# ,, , ,
* * .c , *, , * ..
, ,* , ,, * ,, , ,


You could see a centaur warrior and a centaur (wandering).

Vanquished Creatures
  2 ice dragons (IceCv)
  Josephine (D:12)
  2 hydras
  2 two-headed ogres
  A centaur warrior (D:13)
  Nergalle (D:11)
  4 skeletal warriors (D:11)
  2 orc knights
  A manticore (D:12)
  2 ugly things
  3 cyclopes
  2 ice statues (IceCv)
  A gargoyle (D:12)
  Psyche (D:11)
  2 unseen horrors
  2 rime drakes (IceCv)
  3 meliai (D:12)
  3 trolls
  6 slime creatures (D:13)
  Prince Ribbit (D:9)
  2 shadows (D:12)
  Sigmund (D:5)
  A vampire (D:9)
  2 wyverns
  5 wraiths
  15 yaks
  9 humans
  A steam dragon (D:8)
  Menkaure (D:4)
  5 water moccasins
  Duvessa (D:5)
  2 black bears (D:5)
  A hornet zombie (D:8)
  14 ice beasts (IceCv)
  2 necrophages (D:6)
  4 orc warriors
  3 wolves (D:10)
  5 centaurs
  Blork the orc (D:4)
  2 kobold brigands (D:6)
  2 bullfrogs
  2 gnoll sergeants
  4 scorpions (D:6)
  Dowan (D:5)
  17 killer bees
  13 howler monkeys
  10 electric eels
  A bullfrog zombie (D:6)
  A lava snake (D:10)
  3 centaur zombies
  10 orc priests
  7 hounds
  4 bullfrog skeletons
  A gnoll shaman (D:6)
  3 iguanas
  Natasha (thrice) (D:4)
  9 orc wizards
  A killer bee zombie (D:8)
  2 hound zombies (D:3)
  3 howler monkey zombies
  8 adders
  8 gnolls
  A howler monkey skeleton (D:6)
  2 ufetubi
  An adder zombie (D:3)
  A worm (D:2)
  4 dart slugs
  40 orcs
  8 endoplasms
  A giant cockroach (D:3)
  3 goblins
  2 hobgoblins
  6 jackals
  2 quokkas
  2 ball pythons
  3 bats (D:3)
  3 frilled lizards
  3 kobolds
  5 rats
319 creatures vanquished.

Vanquished Creatures (collateral kills)
  7 foxfires (D:5)
7 creatures vanquished.

Vanquished Creatures (others)
  974 foxfires
  12 plants
986 creatures vanquished.

Grand Total: 1312 creatures vanquished

Notes
Turn   | Place    | Note
-------+----------+-------------------------------------------
     0 | D:1      | robertstho the Djinni Fire Elementalist began the quest for
                  | the Orb.
     0 | D:1      | Reached XP level 1. HP: 15/15 MP: 0/0
   617 | D:1      | Reached XP level 2. HP: 20/21 MP: 0/0
   635 | D:1      | Reached skill level 3 in Spellcasting
  2281 | D:3      | Reached XP level 3. HP: 22/25 MP: 0/0
  2281 | D:3      | Learned a level 1 spell: Apportation
  3001 | D:3      | Reached XP level 4. HP: 12/31 MP: 0/0
  3193 | D:3      | Found a basalt altar of Yredelemnul.
  3624 | D:3      | Reached skill level 4 in Spellcasting
  4259 | D:4      | Noticed Natasha
  4272 | D:4      | Killed Natasha
  4273 | D:4      | Reached XP level 5. HP: 13/35 MP: 0/0
  4273 | D:4      | Learned a level 2 spell: Ensorcelled Hibernation
  4477 | D:4      | Noticed Natasha
  4487 | D:4      | Killed Natasha
  4625 | D:4      | Noticed Blork the orc
  4634 | D:4      | Killed Blork the orc
  4702 | D:4      | Noticed Natasha
  4705 | D:4      | Killed Natasha
  4706 | D:4      | Reached skill level 5 in Spellcasting
  4706 | D:4      | Reached XP level 6. HP: 31/40 MP: 0/0
  4799 | D:4      | Noticed Menkaure
  4806 | D:4      | Killed Menkaure
  5351 | D:5      | Entered Level 5 of the Dungeon
  5503 | D:5      | Noticed a water moccasin
  5518 | D:5      | Killed a water moccasin
  5519 | D:5      | Reached XP level 7. HP: 17/46 MP: 0/0
  5519 | D:5      | Learned a level 2 spell: Call Imp
  5787 | D:5      | Reached skill level 6 in Spellcasting
  6307 | D:5      | Noticed Sigmund
  6317 | D:5      | Killed Sigmund
  6479 | D:5      | Identified the +0 robe of Parlour Games {Harm rF+ MP+9
                  | Int-4}
  6493 | D:5      | Reached skill level 7 in Spellcasting
  6493 | D:5      | Reached XP level 8. HP: 33/51 MP: 0/0
  6635 | D:5      | Found a burning altar of Makhleb.
  6667 | D:5      | Noticed Dowan
  6669 | D:5      | Noticed Duvessa
  6676 | D:5      | Killed Dowan
  6970 | D:5      | Killed Duvessa
  7394 | D:5      | Found a snail-covered altar of Cheibriados.
  7421 | D:5      | Reached skill level 1 in Fighting
  7677 | D:6      | Reached skill level 8 in Spellcasting
  8163 | D:6      | Reached XP level 9. HP: 20/57 MP: 0/0
  8163 | D:6      | Learned a level 4 spell: Ice Form
  8200 | D:6      | Reached skill level 9 in Spellcasting
 10286 | D:7      | Found a staircase to the Ecumenical Temple.
 10290 | D:7      | Reached skill level 10 in Spellcasting
 10298 | Temple   | Entered the Ecumenical Temple
 10611 | Temple   | Became a worshipper of Ashenzari the Shackled
 10611 | Temple   | Identified a scroll of acquirement
 10616 | Temple   | Acquired the ring "Viupoobrit" {*Corrode rElec Will++ Str+6
                  | Int+3}
 10626 | Temple   | Identified the +3 leather armour of Hosuh {Rampage rC-
                  | Int+2}
 10698 | D:7      | Identified Cosivant's Guide on the Shifting Voyage
 10783 | D:7      | Found a blossoming altar of Fedhas.
 10831 | D:7      | Found a shadowy altar of Dithmenos.
 11644 | D:8      | Reached skill level 5 in Stealth
 11644 | D:8      | Reached XP level 10. HP: 43/63 MP: 0/0
 11656 | D:8      | Noticed a two-headed ogre
 11670 | D:8      | Killed a two-headed ogre
 11671 | D:8      | Reached skill level 11 in Spellcasting
 12169 | D:8      | Found a hazy altar of Hepliaklqana.
 12603 | D:8      | Reached * piety under Ashenzari
 12603 | D:8      | Reached ** piety under Ashenzari
 12898 | D:8      | Found a shimmering altar of Xom.
 13307 | D:9      | Noticed Prince Ribbit
 13319 | D:9      | Killed Prince Ribbit
 13698 | D:9      | Reached *** piety under Ashenzari
 13830 | D:9      | Reached skill level 12 in Spellcasting
 13915 | D:9      | Identified the cursed +1 quarterstaff of the Lashed
                  | Scepticism {spect, Evo, Cun} (You found it on level 3 of
                  | the Dungeon)
 14107 | D:9      | Identified the cursed +1 quarterstaff of the Lashed
                  | Scepticism {spect, Evo, Cun} (You found it on level 3 of
                  | the Dungeon)
 14110 | D:9      | Identified the cursed +1 quarterstaff of the Lashed
                  | Scepticism {spect, Evo, Cun} (You found it on level 3 of
                  | the Dungeon)
 14562 | D:9      | Reached XP level 11. HP: 56/71 MP: 0/0
 14562 | D:9      | Learned a level 5 spell: Silence
 14771 | D:10     | Entered Level 10 of the Dungeon
 14845 | D:10     | Noticed a two-headed ogre
 14848 | D:10     | Killed a two-headed ogre
 15440 | D:10     | Found a staircase to the Lair.
 15884 | D:10     | Noticed a five-headed hydra
 15895 | D:10     | Killed a five-headed hydra
 15896 | D:10     | Reached skill level 13 in Spellcasting
 16034 | D:10     | Reached skill level 5 in Dodging
 16038 | D:10     | Identified the cursed +1 quarterstaff of the Lashed
                  | Scepticism {spect, Evo, Cun} (You found it on level 3 of
                  | the Dungeon)
 16308 | D:11     | Noticed Psyche
 16312 | D:11     | Killed Psyche
 16313 | D:11     | Reached skill level 1 in Staves
 16382 | D:11     | Reached **** piety under Ashenzari
 16387 | D:11     | Found a staircase to the Orcish Mines.
 16515 | D:11     | Noticed a skeletal warrior
 16520 | D:11     | Killed a skeletal warrior
 16520 | D:11     | Noticed a skeletal warrior
 16521 | D:11     | Noticed a skeletal warrior
 16522 | D:11     | Noticed a skeletal warrior
 16524 | D:11     | Killed a skeletal warrior
 16527 | D:11     | Killed a skeletal warrior
 16527 | D:11     | Killed a skeletal warrior
 16592 | D:11     | Noticed Nergalle
 16603 | D:11     | Killed Nergalle
 16604 | D:11     | Reached XP level 12. HP: 34/83 MP: 0/0
 16730 | D:11     | Found a frozen archway.
 16739 | IceCv    | Entered an ice cave
 16741 | IceCv    | Reached skill level 14 in Spellcasting
 17609 | IceCv    | Noticed an ice dragon
 17610 | IceCv    | Noticed an ice dragon
 17614 | IceCv    | Killed an ice dragon
 17614 | IceCv    | Killed an ice dragon
 17616 | IceCv    | Found the amulet of Vitality {Regen+ HP+15}
 17988 | D:11     | Reached ***** piety under Ashenzari
 18145 | D:11     | Found a runed translucent door.
 18707 | D:12     | Reached skill level 15 in Spellcasting
 18796 | D:12     | Noticed Josephine
 18801 | D:12     | Killed Josephine
 18802 | D:12     | Reached XP level 13. HP: 24/92 MP: 0/0
 18802 | D:12     | Learned a level 5 spell: Borgnjor's Vile Clutch
 19283 | D:13     | Found a gate to the Vaults.
 19283 | D:13     | Noticed Nessos
 19313 | D:12     | Identified the cursed +1 quarterstaff of the Lashed
                  | Scepticism {spect, Evo, Cun} (You found it on level 3 of
                  | the Dungeon)
 19316 | D:12     | Identified the cursed +1 quarterstaff of the Lashed
                  | Scepticism {spect, Evo, Cun} (You found it on level 3 of
                  | the Dungeon)
 19523 | D:13     | Found a runed translucent door.
 19539 | D:13     | Noticed Wipuing's ghost (journeyman MiBe)
 19564 | D:13     | Identified the cursed +1 quarterstaff of the Lashed
                  | Scepticism {spect, Evo, Cun} (You found it on level 3 of
                  | the Dungeon)
 19584 | D:13     | Shot with an arrow by a centaur warrior

Illustrated notes

Levels and vault maps discovered:
D:1:      dpeg_arrival_renting, layout_loops_ring
D:2:      layout_loops_corners
D:3:      layout_loops_corners, nicolae_yredelemnul_corpse_copse
D:4:      layout_basic, uniq_menkaure, uniq_natasha, uniq_blork_the_orc
D:5:      layout_loops_corners, bloody_makhleb, kennysheep_little_box,
          serial_bayou_pond_c, hangedman_decor_push, minivault_27,
          kennysheep_cross_bottleneck, minmay_ruined_shrine, uniq_sigmund,
          uniq_duvessa
D:6:      minmay_polygon_palace, layout_basic, nicolae_benzene_ring,
          solitary_fountain
D:7:      layout_gridville, nicolae_overflow_hidden_temple,
          minmay_temple_entry_slanted, mrwooster_statue_mirror
D:8:      layout_rooms, amcnicky_altar_gilded, kennysheep_mini, kennysheep_boxes
D:9:      layout_loops_corners, uniq_prince_ribbit1
D:10:     layout_loops_cross, erik_lair_island, serial_bayou_pond_e,
          kennysheep_dice
D:11:     layout_basic, orc_0_dummy, portal_ice_cave_entry_pillars_1,
          lightli_church_of_beogh, uniq_nergalle, uniq_psyche
D:12:     layout_basic, uniq_josephine
D:13:     layout_basic, david_vaults_3, ebering_ghost_reflecting_pool,
          enter_bailey_2, uniq_nessos
Temple:   oiseaux_autumnal_temple

Skill      XL: |  1  2  3  4  5  6  7  8  9 10 11 12 13 |
---------------+----------------------------------------+-----
Spellcasting   | 3 4 5 7 8 10 12 13 15 | 15.9
Stealth        | 2 3 4 5 6 7 8 |  8.2
Fighting       | 1 2 |  2.7
Dodging        | 3 4 5 |  5.9
Staves         | 1 2 |  2.5

Action                   |  1- 3 |  4- 6 |  7- 9 | 10-12 | 13-15 || total
-------------------------+-------+-------+-------+-------+-------++-------
Melee: Quarterstaff      |       |       |       |    11 |     6 ||    17
 Cast: Foxfire           |    56 |    92 |   265 |   182 |       ||   595
       Sticky Flame      |       |       |     7 |    32 |    16 ||    55
       Fireball          |       |       |    18 |   137 |    39 ||   194
       Ensorcelled Hiber |       |       |       |     2 |       ||     2
       Conjure Flame     |       |       |       |     1 |       ||     1
Invok: Curse Item        |       |       |     1 |     5 |     1 ||     7
  Use: Scroll            |     3 |       |     5 |       |     1 ||     9
       Potion            |       |     1 |     2 |     4 |     2 ||     9
 Stab: Sleeping          |       |       |       |     1 |       ||     1
Armor: Robe              |     5 |     3 |     6 |       |       ||    14
       Steam dragon scal |       |       |       |    21 |     7 ||    28
Dodge: Dodged            |    18 |     7 |    33 |    92 |    58 ||   208

Table legend: (Time is in decaauts)
 A = Elapsed time spent in this place.
 B = Non-inter-level travel time spent in this place.
 C = Inter-level travel time spent in this place.
 D = Time resting spent in this place.
 E = Time spent auto-exploring this place.
 F = Levels seen in this place.
 G = Mean time per level.
                   A        B        C        D        E       F      G
               +--------+--------+--------+--------+--------+-----+--------+
         Total |  19586 |  18909 |    677 |   1816 |  15084 |  15 | 1305.7 |
       Dungeon |  18148 |  17516 |    632 |   1520 |  14146 |  13 | 1396.0 |
        Temple |    344 |    300 |     44 |      0 |    286 |   1 |  344.0 |
      Ice Cave |   1093 |   1093 |      0 |    296 |    652 |   1 | 1093.0 |
               +--------+--------+--------+--------+--------+-----+--------+

Top non-repeatable levels by time:
     D:6: 2755 daAuts
     D:5: 2178 daAuts
     D:3: 2049 daAuts
     D:9: 1681 daAuts
    D:10: 1536 daAuts
     D:8: 1338 daAuts
    D:11: 1169 daAuts
     D:2: 1151 daAuts
     D:7: 1123 daAuts
     D:4: 1099 daAuts
   IceCv: 1093 daAuts
     D:1: 1049 daAuts
    D:12: 788 daAuts
  Temple: 344 daAuts
    D:13: 227 daAuts
